General information
- name: BNet
- type: Ladder team game (AT/RT)
- host: Battle.net
- saver: Lemonparty-
map: GoldRush
- players: 8
- length: 28:57
- speed: Fast
- version: 1.26 W3XP
- replay type: Public
» download(186 KB)
Players
team 1 (loser)
chaudevant (
yellow | 45 APM | 1200 actions | 26:48)
6 Blademaster
2 Wind Walk
3 Critical Strike
1 Bladestorm
» actions
| Build / train | 90 | |
| Enter build submenu | 28 | |
| Enter hero's abilities submenu | 6 | |
| Give item / drop item | 3 | |
| Right click | 624 | |
| Select / deselect | 367 | |
| Use ability | 81 | |
1200 total
» units
| Peon | 14 | |
| Troll Headhunter/Berserker | 33 | |
| Troll Witch Doctor | 16 | |
| Demolisher | 1 | |
| Troll Batrider | 2 | |
66 total
» upgrades
| Spiked Barricades | 1 | |
| Ranged Weapons | 3 | |
| Troll Regeneration | 1 | |
| Witch Doctor Training | 2 | |
| Berserker Upgrade | 1 | |
| Armor | 2 | |
10 total
» buildings
| Orc Burrow | 6 | |
| Altar of Storms | 1 | |
| War Mill | 1 | |
| Barracks | 2 | |
| Watch Tower | 4 | |
| Stronghold | 1 | |
| Voodoo Lounge | 1 | |
| Fortress | 1 | |
| Spirit Lodge | 2 | |
| Great Hall | 2 | |
| Beastiary | 3 | |
24 total
» build order
00:23 Orc Burrow
00:38 Altar of Storms
01:00 War Mill
01:22 Barracks
02:27 Orc Burrow
02:33 Watch Tower
02:54 Watch Tower
03:05 Orc Burrow
03:44 Stronghold
04:08 Watch Tower
04:56 Voodoo Lounge
05:39 Orc Burrow
06:33 Fortress
06:38 Spirit Lodge
07:24 Spirit Lodge
08:17 Watch Tower
09:07 Barracks
11:17 Great Hall
11:19 Orc Burrow
18:34 Orc Burrow
24:46 Great Hall
24:51 Beastiary
24:52 Beastiary
24:59 Beastiary
» items
| Rod of Necromancy | 1 | |
| Healing Salve | 1 | |
| Orb of Lightning | 1 | |
| Scroll of Speed | 1 | |
| Scroll of Regeneration | 1 | |
5 total
Zerdel.x (
purple | 59 APM | 1577 actions | 26:35)
7 Mountain King
3 Storm Bolt
3 Bash
1 Avatar
» actions
| Basic commands | 1 | |
| Build / train | 75 | |
| Enter build submenu | 31 | |
| Enter hero's abilities submenu | 7 | |
| Remove unit from queue | 2 | |
| Right click | 1090 | |
| Select / deselect | 308 | |
| Use ability | 63 | |
1577 total
» units
| Peasant | 16 | |
| Footman | 7 | |
| Rifleman | 14 | |
| Mortar Team | 5 | |
| Flying Machine | 2 | |
44 total
» upgrades
| Defend | 1 | |
| Gunpowder | 2 | |
| Masonry | 1 | |
| Flare | 1 | |
| Armor | 2 | |
7 total
» buildings
| Farm | 14 | |
| Altar of Kings | 1 | |
| Barracks | 1 | |
| Scout Tower | 6 | |
| Arcane Tower | 1 | |
| Keep | 1 | |
| Lumber Mill | 1 | |
| Guard Tower | 7 | |
| Blacksmith | 1 | |
| Arcane Vault | 2 | |
| Workshop | 1 | |
| Cannon Tower | 1 | |
| Town Hall | 2 | |
| Castle | 0 | |
39 total
» build order
00:10 Farm
00:20 Altar of Kings
01:28 Barracks
02:04 Scout Tower
02:32 Farm
02:35 Arcane Tower
03:58 Farm
04:53 Keep
04:59 Farm
05:38 Lumber Mill
05:46 Scout Tower
06:14 Farm
06:25 Guard Tower
06:29 Scout Tower
07:05 Guard Tower
07:21 Blacksmith
07:26 Arcane Vault
07:37 Arcane Vault
07:47 Scout Tower
08:17 Guard Tower
08:19 Scout Tower
08:48 Workshop
08:52 Guard Tower
08:55 Scout Tower
09:08 Farm
09:29 Guard Tower
09:39 Guard Tower
09:55 Farm
10:42 Farm
12:27 Cannon Tower
12:36 Guard Tower
17:15 Town Hall
19:55 Castle
24:00 Town Hall
25:21 Farm
25:22 Farm
25:24 Farm
26:06 Farm
26:08 Farm
26:09 Farm
» items

»
NoSeedsNoStems (
green | 22 APM | 583 actions | 26:19)
5 Crypt Lord
3 Carrion Beetles
1 Spiked Carapace
1 Impale
» actions
| Assign group hotkey | 21 | |
| Basic commands | 8 | |
| Build / train | 52 | |
| Enter build submenu | 13 | |
| Enter hero's abilities submenu | 5 | |
| Right click | 225 | |
| Select / deselect | 139 | |
| Select group hotkey | 91 | |
| Use ability | 29 | |
583 total
» units
| Acolyte | 9 | |
| Ghoul | 4 | |
| Crypt Fiend | 16 | |
| Frost Wyrm | 8 | |
37 total
» upgrades
| Creature Attack | 2 | |
| Creature Carapace | 2 | |
| Web | 1 | |
| Freezing Breath | 1 | |
6 total
» buildings
| Graveyard | 1 | |
| Ziggurat | 9 | |
| Altar of Darkness | 1 | |
| Crypt | 1 | |
| Halls of the Dead | 1 | |
| Sacrificial Pit | 3 | |
| Black Citadel | 1 | |
| Boneyard | 2 | |
| Spirit Tower | 1 | |
20 total
» build order
00:22 Graveyard
00:27 Ziggurat
00:46 Altar of Darkness
01:21 Crypt
01:26 Ziggurat
01:50 Ziggurat
04:17 Halls of the Dead
06:38 Ziggurat
06:41 Ziggurat
07:24 Sacrificial Pit
07:29 Sacrificial Pit
08:02 Ziggurat
08:03 Ziggurat
08:04 Ziggurat
08:05 Ziggurat
08:19 Black Citadel
11:33 Boneyard
11:35 Boneyard
12:33 Spirit Tower
19:00 Sacrificial Pit

»
Better_Dead (
orange | 29 APM | 827 actions | 28:56)
2 Death Knight
1 Death Coil
1 Unholy Aura
2 Dreadlord
1 Vampiric Aura
1 Sleep
4 Crypt Lord
2 Impale
2 Spiked Carapace
» actions
| Assign group hotkey | 6 | |
| Basic commands | 6 | |
| Build / train | 63 | |
| Enter build submenu | 16 | |
| Enter hero's abilities submenu | 10 | |
| Remove unit from queue | 1 | |
| Right click | 410 | |
| Select / deselect | 173 | |
| Select group hotkey | 93 | |
| Use ability | 48 | |
827 total
» units
| Acolyte | 12 | |
| Ghoul | 8 | |
| Crypt Fiend | 7 | |
| Obsidian Statue | 4 | |
| Abomination | 5 | |
36 total
» upgrades
| Web | 1 | |
| Disease Cloud | 1 | |
| Creature Attack | 1 | |
| Unholy Strength | 1 | |
4 total
» buildings
| Ziggurat | 5 | |
| Altar of Darkness | 1 | |
| Crypt | 1 | |
| Nerubian Tower | 1 | |
| Tomb of Relics | 1 | |
| Graveyard | 1 | |
| Halls of the Dead | 1 | |
| Black Citadel | 1 | |
| Slaughterhouse | 2 | |
| Spirit Tower | 1 | |
15 total
» build order
00:21 Ziggurat
00:29 Altar of Darkness
00:39 Crypt
01:24 Ziggurat
02:25 Nerubian Tower
02:35 Tomb of Relics
02:56 Graveyard
03:33 Ziggurat
04:38 Halls of the Dead
07:36 Black Citadel
08:00 Ziggurat
08:09 Slaughterhouse
09:17 Slaughterhouse
09:29 Ziggurat
12:48 Spirit Tower
» items
| Dust of Appearance | 1 | |
| Rod of Necromancy | 1 | |
| Scroll of Town Portal | 3 | |
| Orb of Corruption | 2 | |
7 total
team 2 (winner)
fear-me (
blue | 70 APM | 2037 actions | 28:56)
6 Blademaster
2 Wind Walk
3 Critical Strike
1 Bladestorm
» actions
| Assign group hotkey | 23 | |
| Build / train | 75 | |
| Enter build submenu | 13 | |
| Enter hero's abilities submenu | 6 | |
| Give item / drop item | 6 | |
| Remove unit from queue | 2 | |
| Right click | 1247 | |
| Select / deselect | 224 | |
| Select group hotkey | 405 | |
| Use ability | 36 | |
2037 total
» units
| Peon | 14 | |
| Troll Headhunter/Berserker | 6 | |
| Wind Rider | 23 | |
43 total
» upgrades
| Armor | 3 | |
| Ranged Weapons | 3 | |
| Envenomed Spears | 1 | |
| Reinforced Defenses | 1 | |
| Spiked Barricades | 2 | |
10 total
» buildings
| Altar of Storms | 1 | |
| Orc Burrow | 5 | |
| War Mill | 1 | |
| Barracks | 1 | |
| Voodoo Lounge | 1 | |
| Stronghold | 1 | |
| Beastiary | 2 | |
| Fortress | 1 | |
| Great Hall | 2 | |
15 total
» build order
00:07 Altar of Storms
00:20 Orc Burrow
00:29 War Mill
01:19 Barracks
01:48 Orc Burrow
02:07 Voodoo Lounge
02:45 Orc Burrow
03:30 Stronghold
05:41 Orc Burrow
06:00 Beastiary
06:03 Beastiary
08:14 Orc Burrow
11:17 Fortress
17:48 Great Hall
24:26 Great Hall
» items
| Healing Salve | 1 | |
| Lesser Clarity Potion | 2 | |
| Potion of Mana | 2 | |
| Potion of Healing | 3 | |
| Orb of Lightning | 1 | |
9 total
bean12 (
pink | 33 APM | 968 actions | 28:56)
6 Mountain King
3 Storm Bolt
2 Bash
1 Thunder Clap
6 Paladin
2 Holy Light
1 Divine Shield
2 Devotion Aura
1 Resurrection
» actions
| Assign group hotkey | 7 | |
| Basic commands | 2 | |
| Build / train | 79 | |
| Enter build submenu | 24 | |
| Enter hero's abilities submenu | 12 | |
| Right click | 476 | |
| Select / deselect | 283 | |
| Select group hotkey | 12 | |
| Use ability | 73 | |
968 total
» units
| Peasant | 15 | |
| Footman | 6 | |
| Dragonhawk Rider | 10 | |
| Gryphon Rider | 17 | |
48 total
» upgrades
| Defend | 1 | |
| Lumber Harvesting | 1 | |
| Swords | 4 | |
| Animal War Training | 1 | |
| Armor | 3 | |
| Storm Hammers | 1 | |
| Cloud | 1 | |
12 total
» buildings
| Altar of Kings | 1 | |
| Farm | 11 | |
| Lumber Mill | 2 | |
| Barracks | 1 | |
| Scout Tower | 2 | |
| Arcane Tower | 1 | |
| Guard Tower | 1 | |
| Arcane Vault | 1 | |
| Keep | 1 | |
| Blacksmith | 1 | |
| Town Hall | 1 | |
| Gryphon Aviary | 3 | |
| Castle | 1 | |
27 total
» build order
00:07 Altar of Kings
00:10 Farm
00:34 Lumber Mill
00:39 Lumber Mill
00:51 Barracks
01:24 Farm
02:23 Scout Tower
02:42 Farm
02:54 Arcane Tower
02:58 Scout Tower
03:50 Guard Tower
04:19 Arcane Vault
04:31 Keep
05:33 Farm
05:41 Blacksmith
05:58 Town Hall
06:53 Gryphon Aviary
07:01 Gryphon Aviary
07:17 Castle
08:11 Farm
08:33 Gryphon Aviary
09:04 Farm
09:51 Farm
10:31 Farm
11:25 Farm
12:50 Farm
14:34 Farm
» items

»
kyurem (
red | 37 APM | 1081 actions | 28:56)
7 Keeper of the Grove
3 Force of Nature
3 Entangling Roots
1 Tranquility
6 Priestess of the Moon
2 Trueshot Aura
2 Searing Arrows
1 Scout
1 Starfall
» actions
| Build / train | 107 | |
| Enter build submenu | 27 | |
| Enter hero's abilities submenu | 14 | |
| Give item / drop item | 2 | |
| Remove unit from queue | 1 | |
| Right click | 500 | |
| Select / deselect | 356 | |
| Use ability | 74 | |
1081 total
» units
| Wisp | 35 | |
| Archer | 12 | |
| Forest Troll Shadow Priest | 4 | |
| Druid of the Claw | 8 | |
| Hippogryph | 5 | |
| Huntress | 2 | |
66 total
» upgrades
| Strength of the Wild | 3 | |
| Druid of the Claw Training | 2 | |
| Sentinel | 1 | |
| Abolish Magic | 1 | |
| Reinforced Hides | 3 | |
| Upgrade Moon Glaive | 1 | |
| Well Spring | 1 | |
| Mark of the Claw | 1 | |
| Strength of the Moon | 3 | |
| Moon Armor | 3 | |
| Marksmanship | 1 | |
| Hippogryph Taming | 1 | |
21 total
» buildings
| Altar of Elders | 1 | |
| Moon Well | 8 | |
| Ancient of War | 1 | |
| Ancient of Wonders | 1 | |
| Hunter's Hall | 1 | |
| Tree of Ages | 1 | |
| Ancient Protector | 7 | |
| Tree of Life | 2 | |
| Ancient of Lore | 3 | |
| Ancient of Wind | 1 | |
| Tree of Eternity | 1 | |
27 total
» build order
00:11 Altar of Elders
00:19 Moon Well
00:38 Ancient of War
01:21 Moon Well
01:23 Moon Well
01:48 Ancient of Wonders
02:09 Moon Well
03:24 Hunter's Hall
05:03 Tree of Ages
05:06 Ancient Protector
05:10 Ancient Protector
05:59 Tree of Life
06:24 Moon Well
08:12 Ancient of Lore
08:21 Ancient of Wind
10:08 Tree of Eternity
10:31 Ancient Protector
10:41 Ancient Protector
10:47 Moon Well
11:37 Ancient of Lore
11:41 Ancient of Lore
12:52 Ancient Protector
14:31 Ancient Protector
14:36 Ancient Protector
14:39 Moon Well
20:06 Tree of Life
27:16 Moon Well
Lemonparty- (
teal | 64 APM | 1855 actions | 28:57)
8 Death Knight
3 Death Coil
3 Unholy Aura
1 Animate Dead
1 Death Pact
6 Dreadlord
3 Vampiric Aura
2 Sleep
1 Inferno
» actions
| Assign group hotkey | 81 | |
| Basic commands | 73 | |
| Build / train | 70 | |
| Enter build submenu | 22 | |
| Enter hero's abilities submenu | 14 | |
| Give item / drop item | 1 | |
| Right click | 874 | |
| Select / deselect | 355 | |
| Select group hotkey | 291 | |
| Use ability | 74 | |
1855 total
» units
| Acolyte | 2 | |
| Ghoul | 4 | |
| Crypt Fiend | 8 | |
| Meatwagon | 2 | |
| Obsidian Statue | 5 | |
| Abomination | 1 | |
22 total
» upgrades
| Creature Attack | 3 | |
| Creature Carapace | 3 | |
| Web | 1 | |
| Destroyer Form | 1 | |
| Burrow | 1 | |
| Unholy Strength | 3 | |
| Disease Cloud | 1 | |
| Unholy Armor | 1 | |
| Cannibalize | 1 | |
| Exhume Corpses | 1 | |
| Ghoul Frenzy | 1 | |
17 total
» buildings
| Altar of Darkness | 1 | |
| Ziggurat | 11 | |
| Graveyard | 1 | |
| Crypt | 1 | |
| Spirit Tower | 8 | |
| Halls of the Dead | 1 | |
| Nerubian Tower | 1 | |
| Tomb of Relics | 3 | |
| Black Citadel | 2 | |
| Slaughterhouse | 1 | |
30 total
» build order
00:09 Altar of Darkness
00:12 Ziggurat
00:41 Graveyard
00:59 Ziggurat
01:24 Crypt
02:48 Spirit Tower
03:25 Ziggurat
04:04 Ziggurat
04:24 Spirit Tower
05:30 Halls of the Dead
05:53 Nerubian Tower
06:13 Ziggurat
06:59 Tomb of Relics
07:29 Spirit Tower
07:36 Ziggurat
07:53 Black Citadel
08:25 Slaughterhouse
10:04 Tomb of Relics
13:01 Ziggurat
21:48 Ziggurat
21:49 Ziggurat
22:45 Spirit Tower
22:45 Spirit Tower
23:26 Ziggurat
24:33 Spirit Tower
24:36 Spirit Tower
24:38 Ziggurat
27:48 Spirit Tower
28:54 Tomb of Relics
» items
| Boots of Speed | 1 | |
| Staff of Teleportation | 1 | |
| Orb of Corruption | 1 | |
3 total
Chat log
(01:14 / Allies) bean12: put ur guys back on gold
(01:35 / All) Lemonparty-: nice rush, 0 kills
(01:42 / All) Zerdel.x: lol the point is not to kill
(01:48 / All) Lemonparty-: it's to waste your time then?
(01:52 / All) Zerdel.x: nope
(01:57 / All) chaudevant: TEAL IS MAD
(01:58 / All) chaudevant: LOLOL
(02:00 / All) Zerdel.x: lol
(02:05 / All) Lemonparty-: olololo so mad at a failed militia rush
(02:10 / All) chaudevant: U MADDDDD
(02:13 / All) chaudevant: GGGGGGGGGGGGGGGGGGGGGGGGGGGGG
(02:14 / All) Zerdel.x: lol u moved acolytes
(02:22 / All) Zerdel.x: that was the wholllle point
(02:34 / All) Lemonparty-: definitely worth the map time and mining time for you, with minimal loss for me
(03:15 / All) Lemonparty-: 0 kills again
(03:50 / All) Zerdel.x: lol if u dont get the point then forget it
(04:00 / All) Lemonparty-: the point? you have done 0 damage so far, just wasted apm and time
(04:10 / All) Zerdel.x: if u say soo
(04:13 / All) chaudevant: COME BACK TEAL
(04:14 / All) chaudevant: U MAD
(04:15 / All) chaudevant: LOL
(04:16 / All) Lemonparty-: check replay retard
(04:22 / All) Zerdel.x: get a life retard
(04:32 / All) Lemonparty-: being better than you = no life, kk cool
(04:33 / All) chaudevant: THE POINT SIS FUN
(04:35 / All) chaudevant: TWLA IS MAD
(04:37 / All) chaudevant: HE HAS NO FUN
(04:38 / All) chaudevant: LOL
(04:40 / All) Lemonparty-: wtf is twla
(04:44 / All) chaudevant: TEAL
(04:46 / All) Zerdel.x: lol lemonparty is dumb
(04:48 / All) chaudevant: LEARN TO READ
(04:54 / All) Lemonparty-: lemonparty is sexy shit
(05:03 / All) Zerdel.x: stop flattering urself
(05:11 / All) Zerdel.x: i think ill let u a win :)
(05:13 / All) chaudevant: PARTY IS MAD
(05:13 / All) Zerdel.x: so u wont cry
(05:17 / All) chaudevant: SO NO FUN INTO THE PARTY
(05:18 / All) Lemonparty-: i am 0-0, I do not care
(05:18 / All) chaudevant: HAHAHAA
(05:29 / All) Zerdel.x: im stop playing soon so idc either
(05:29 / All) Zerdel.x: Hahaha
(05:34 / All) Lemonparty-: cool
(05:41 / All) Zerdel.x: thats right
(05:42 / All) Zerdel.x: submit
(07:47 / All) chaudevant: YO TEAL
(07:48 / All) chaudevant: U MAD ?
(07:52 / All) Lemonparty-: not really
(07:59 / All) chaudevant: KK
(08:01 / All) Zerdel.x: good cause hate makes u ugly
(08:05 / All) Zerdel.x: u dont want to get uglier
(08:25 / All) chaudevant: IMSA GETING GRUNT
(08:35 / All) Lemonparty-: k
(09:56 / Allies) bean12: wood pls
(10:01 / All) chaudevant: OJ
(10:07 / Allies) bean12: ty
(11:40 / Allies) bean12: hit?
(11:45 / Allies) kyurem: k
(11:47 / Allies) Lemonparty-: k
(12:17 / Allies) bean12: lets hit expos>
(12:26 / Allies) bean12: b
(13:17 / Allies) bean12: k
(13:29 / Allies) fear-me: none here so far
(13:35 / Allies) fear-me: clear
(14:03 / Allies) fear-me: got one
(14:11 / Allies) bean12: meet
(14:54 / Allies) fear-me: watch for towers
(15:08 / All) Lemonparty-: raped
(15:54 / Allies) bean12: b
(16:45 / Allies) bean12: we good
(16:51 / Allies) fear-me: wtf?
(16:53 / All) Zerdel.x: LOL
(16:56 / Allies) fear-me: really?
(16:57 / All) Lemonparty-: pro
(16:59 / All) chaudevant: LOL
(17:07 / All) kyurem: lol
(17:38 / Allies) kyurem: bold move that one xD
(17:44 / Allies) Lemonparty-: yes, that was a stupid mistake
(17:49 / Allies) kyurem: lol
(17:50 / Allies) Lemonparty-: no idea why I did that, but it was funny
(18:34 / Allies) bean12: tp
(18:37 / Allies) fear-me: fucken told you guys they coming
(18:43 / Allies) fear-me: go creep some more
(18:50 / Allies) bean12: ima tp
(20:07 / Allies) fear-me: got to hit
(20:14 / Allies) fear-me: sleep him?
(20:39 / Allies) Lemonparty-: 1 sec
(20:44 / Allies) fear-me: come on guys?
(20:48 / Allies) Lemonparty-: k go
(21:22 / Allies) fear-me: towers
(22:32 / All) Lemonparty-: out
(22:42 / Allies) bean12: we good
(24:19 / All) Lemonparty-: get the fuck out
(24:23 / All) Lemonparty-: you retards lost, ez
(24:50 / Allies) Lemonparty-: hit expos
(25:00 / All) Lemonparty-: LOL
(25:02 / All) Lemonparty-: 6 acolytes
(25:03 / All) Lemonparty-: nice
(25:22 / All) chaudevant: WART U TALKING BOUT NIGGER
(25:28 / All) Lemonparty-: 0 now I guess
(25:44 / All) chaudevant: I OWN PINK
(25:45 / All) chaudevant: LOL
(26:35 / All) chaudevant: GREEN SUCKED
(26:36 / All) Lemonparty-: out
(26:38 / All) chaudevant: HIS FAUKT
(26:39 / All) chaudevant: LOL
(26:42 / All) chaudevant: U SUCKE DTEAL
(26:43 / All) chaudevant: 1V1
(26:44 / All) Lemonparty-: ty
(26:45 / All) chaudevant: ANYTIME
(26:48 / All) Lemonparty-: sure
(26:50 / All) bean12: yall got owned
(26:52 / All) Lemonparty-: ez
(26:58 / All) Lemonparty-: get the fuck out faggots
(27:18 / All) Lemonparty-: you suck so much that your birth certificate is an apology from the abortion clinic